 Dungeon Crawl Stone Soup version 0.27.1-1-g398f81649c (webtiles) character file.

Game seed: 11907995734828302927

86 MisterFreud the Shield-Bearer (level 4, -2/41 HPs)
             Began as a Gnoll Fighter on Sept 9, 2021.
             Was a Believer of Elyvilon.
             Slain by a gnoll (9 damage)
             ... on level 2 of the Dungeon.
             The game lasted 00:01:25 (1469 turns).

MisterFreud the Shield-Bearer (Gnoll Fighter)       Turns: 1469, Time: 00:01:25

Health: -2/41      AC:  9    Str: 15    XL:     4   Next: 50%
Magic:  5/5        EV:  8    Int:  9    God:    Elyvilon [**....]
Gold:   101        SH: 10    Dex: 11    Spells: 5/5 levels left

rFire    + . .     SeeInvis .   a - +0 rapier
rCold    . . .     Faith    .   c - +0 kite shield
rNeg     . . .     Spirit   .   b - +0 scale mail
rPois    .         Reflect  .   (no helmet)
rElec    .         Harm     .   (no cloak)
rCorr    .         Rampage  .   (no gloves)
Will     .....                  h - +0 pair of boots
Stlth    ..........             (no amulet)
HPRegen  0.13/turn              j - ring of protection from fire
MPRegen  0.09/turn              (no ring)

@: no status effects
A: fangs 1, strong nose, distributed training
a: Renounce Religion, Lesser Healing, Heal Other, Divine Protection


You were on level 2 of the Dungeon.
You worshipped Elyvilon.
Elyvilon was pleased with you.
You visited 1 branch of the dungeon, and saw 2 of its levels.

You collected 101 gold pieces.

Inventory:

Hand Weapons
 a - a +0 rapier (weapon)
Armour
 b - a +0 scale mail (worn)
 c - a +0 kite shield (worn)
 h - a +0 pair of boots (worn)
Jewellery
 j - a ring of protection from fire (left hand)
Scrolls
 f - a scroll of amnesia {unknown}
 i - 2 scrolls of identify {unknown}
Potions
 d - 2 potions of might
 e - 2 potions of degeneration {unknown}
 g - a potion of flight {unknown}
 k - 2 potions of curing {unknown}


   Skills:
 + Level 6.6 Fighting
 + Level 4.6 Short Blades
 + Level 1.1 Long Blades
 + Level 1.1 Axes
 + Level 1.1 Maces & Flails
 + Level 1.1 Polearms
 + Level 1.1 Staves
 + Level 1.1 Slings
 + Level 1.1 Bows
 + Level 1.1 Crossbows
 + Level 1.1 Throwing
 + Level 6.6 Armour
 + Level 1.1 Dodging
 + Level 1.1 Stealth
 + Level 6.6 Shields
 + Level 1.1 Unarmed Combat
 + Level 1.1 Spellcasting
 + Level 0.9 Conjurations
 + Level 0.9 Hexes
 + Level 0.9 Summonings
 + Level 0.9 Necromancy
 + Level 0.9 Translocations
 + Level 0.9 Transmutations
 + Level 0.9 Fire Magic
 + Level 0.9 Ice Magic
 + Level 0.9 Air Magic
 + Level 0.9 Earth Magic
 + Level 0.9 Poison Magic
 + Level 1.2 Invocations
 + Level 1.1 Evocations


You had 5 spell levels left.
You didn't know any spells.
Your spell library was empty.

Dungeon Overview and Level Annotations

Branches:
Dungeon (2/15)

Altars:
Elyvilon
Wu Jian


Innate Abilities, Weirdness & Mutations

You have very sharp teeth.
Your uncanny sense of smell can sniff out nearby items.
Your experience applies equally to all skills.


Message History

The gnoll is almost dead.
You block the gnoll's attack. The gnoll hits you with a +0 flail.
You puncture the gnoll!
You kill the gnoll!
The gnoll hits you from afar with a +0 halberd!
The gnoll hits you with a +0 halberd.
Your shield and scale mail prevent you from hitting the gnoll.
The gnoll hits you with a +0 halberd. You block the gnoll's attack.
You hit the gnoll.
The gnoll is heavily wounded.
You block the gnoll's attack. The gnoll hits you but does no damage.
You block the gnoll's attack. The gnoll hits you with a +0 halberd.
You hit the gnoll.
The gnoll is moderately wounded.
The gnoll hits you with a +0 halberd.
You puncture the gnoll!
The gnoll is almost dead.
You block the gnoll's attack.
The gnoll hits something with a +0 flail!
You puncture the gnoll!
You kill the gnoll!
You barely miss the gnoll.
The gnoll is heavily wounded.
The gnoll hits you with a +0 flail.
You hit the gnoll but do no damage.
The gnoll is heavily wounded.
You block the gnoll's attack.
You closely miss the gnoll.
The gnoll is heavily wounded.
The gnoll hits you with a +0 flail!
* * * LOW HITPOINT WARNING * * *
The gnoll barely misses you.
You hit the gnoll but do no damage.
The gnoll is heavily wounded.
The gnoll completely misses you.
You hit the gnoll but do no damage.
The gnoll is heavily wounded.
The gnoll hits you with a +0 flail!
You die...

♣P♣♣♣.P.♣♣♣♣.♣♣♣.♣♣.♣
♣♣.P.♣..P♣♣PP..♣.P..♣.
♣..PP♣P...♣.♣..P..♣P.♣ . #
♣P..♣♣......♣.♣...8.. ..
##.#♣.♣..♣..♣...#...#....
...#..#...P..♣..............
.....♣.♣♣.P.♣P..#..._...#..
#....♣♣♣♣..♣........÷.†.P
#...)P♣♣@.P.P§..#...#.)..
#....g♣.P.♣♣PP..P.P....
###PP.♣♣.P♣§♣§♣♣PP♣♣.P♣
###.♣♣♣P§♣♣.####P.P♣P ###
♣§P♣.## ###♣. ####.# # #.#
#.# #.##########


You could see a gnoll.

Vanquished Creatures
  5 gnolls (D:2)
  An adder (D:1)
  2 dart slugs (D:1)
  3 endoplasms
  3 goblins
  A hobgoblin (D:2)
  A kobold (D:2)
  5 quokkas (D:2)
  A ball python (D:1)
  2 bats
  3 rats (D:1)
27 creatures vanquished.

Vanquished Creatures (others)
  6 plants (D:2)
6 creatures vanquished.

Grand Total: 33 creatures vanquished

Notes
Turn   | Place    | Note
-------+----------+-------------------------------------------
     0 | D:1      | MisterFreud the Gnoll Fighter began the quest for the Orb.
     0 | D:1      | Reached XP level 1. HP: 23/23 MP: 1/1
     7 | D:1      | Became a worshipper of Elyvilon the Healer
     7 | D:1      | Reached * piety under Elyvilon
   165 | D:1      | Reached XP level 2. HP: 29/29 MP: 2/2
   906 | D:2      | Reached ** piety under Elyvilon
   925 | D:2      | Reached XP level 3. HP: 24/35 MP: 2/4
   937 | D:2      | Reached skill level 1 in Invocations
  1135 | D:2      | Found an ornate altar of the Wu Jian Council.
  1154 | D:2      | Reached skill level 1 in Long Blades
  1154 | D:2      | Reached skill level 1 in Axes
  1154 | D:2      | Reached skill level 1 in Maces & Flails
  1154 | D:2      | Reached skill level 1 in Polearms
  1154 | D:2      | Reached skill level 1 in Staves
  1154 | D:2      | Reached skill level 1 in Slings
  1154 | D:2      | Reached skill level 1 in Bows
  1154 | D:2      | Reached skill level 1 in Crossbows
  1154 | D:2      | Reached skill level 1 in Throwing
  1154 | D:2      | Reached skill level 1 in Dodging
  1154 | D:2      | Reached skill level 1 in Stealth
  1154 | D:2      | Reached skill level 1 in Unarmed Combat
  1154 | D:2      | Reached skill level 1 in Spellcasting
  1154 | D:2      | Reached skill level 1 in Evocations
  1269 | D:2      | Noticed an ogre
  1287 | D:1      | Reached XP level 4. HP: 34/41 MP: 5/5
  1469 | D:2      | Slain by a gnoll

Illustrated notes

Levels and vault maps discovered:
D:1:      dpeg_arrival_tiny_a, layout_basic, hellmonk_ecumenical_altar_run_dry,
          minmay_tree_intersection
D:2:      wad_woods_stonehenge, layout_basic, minmay_rat_hole

Skill      XL: |  1  2  3 |
---------------+----------+-----
Invocations    | 1 |  1.2
Long Blades    | 1 |  1.1
Axes           | 1 |  1.1
Maces & Flails | 1 |  1.1
Polearms       | 1 |  1.1
Staves         | 1 |  1.1
Slings         | 1 |  1.1
Bows           | 1 |  1.1
Crossbows      | 1 |  1.1
Throwing       | 1 |  1.1
Dodging        | 1 |  1.1
Stealth        | 1 |  1.1
Unarmed Combat | 1 |  1.1
Spellcasting   | 1 |  1.1
Evocations     | 1 |  1.1
Fighting       | |  6.6
Short Blades   | |  4.6
Armour         | |  6.6
Shields        | |  6.6
Conjurations   | |  0.9
Hexes          | |  0.9
Summonings     | |  0.9
Necromancy     | |  0.9
Translocations | |  0.9
Transmutations | |  0.9
Fire Magic     | |  0.9
Ice Magic      | |  0.9
Air Magic      | |  0.9
Earth Magic    | |  0.9
Poison Magic   | |  0.9

Action                   |  1- 3 |  4- 6 || total
-------------------------+-------+-------++-------
Melee: Rapier            |    87 |    17 ||   104
       Bite              |     2 |     1 ||     3
Armor: Scale mail        |    36 |     2 ||    38
Dodge: Dodged            |    27 |     5 ||    32
Block: Kite shield       |    44 |     8 ||    52
